 Dungeon Crawl Stone Soup version 0.21.0-24-g2553a33 (webtiles) character file.

44 shitimlost the Ruffian (level 3, -4/29 HPs)
             Began as a Ghoul Gladiator on Jan 20, 2018.
             Slain by an orc (5 damage)
             ... on level 2 of the Dungeon.
             The game lasted 00:01:28 (667 turns).

shitimlost the Ruffian (Ghoul Gladiator)             Turns: 667, Time: 00:01:28

Health: -4/29      AC:  4    Str: 17    XL:     3   Next: 60%
Magic:  2/2        EV: 12    Int:  3    God:    Xom [..*...]
Gold:   63         SH:  0    Dex: 11    Spells: 2/2 levels left

rFire    . . .     SeeInvis .     - Unarmed
rCold    + . .     Gourm    .   (no shield)
rNeg     + + +     Faith    .   a - +0 leather armour
rPois    ∞         Spirit   .   b - +0 helmet
rElec    .         Reflect  .   (no cloak)
rCorr    .         Harm     .   (no gloves)
MR       .....                  (no boots)
Stlth    +.........             (no amulet)
HPRegen  0.00/turn              (no ring)
MPRegen  0.08/turn              (no ring)

@: rotting, slowed, very slow
A: rotting body, claws 1, carnivore, cold resistance 1, negative energy
resistance 3, inhibited regeneration, torment resistance, unbreathing
a: Renounce Religion


You were on level 2 of the Dungeon.
You worshipped Xom.
You were a toy of Xom.
You were not hungry.

You visited 1 branch of the dungeon, and saw 2 of its levels.

You collected 63 gold pieces.

Inventory:

Hand Weapons
 q - a +0 hand axe
Missiles
 c - a throwing net (quivered)
 e - 7 tomahawks
Armour
 a - a +0 leather armour (worn)
 b - a +0 helmet (worn)
Jewellery
 g - an uncursed ring of resist corrosion {unknown}
Scrolls
 f - a scroll of amnesia {unknown}
 h - 2 scrolls of blinking {unknown}
 j - a scroll of identify {unknown}
 l - a scroll of immolation {unknown}
 n - 2 scrolls of remove curse {unknown}
Potions
 k - a potion of heal wounds {unknown}
 m - 2 potions of curing {unknown}
 o - a potion of agility {unknown}
 p - a potion of might {unknown}
 r - a potion of degeneration {unknown}
 s - a potion of brilliance {unknown}
 t - 2 potions of cancellation {unknown}
Comestibles
 d - a ration
 i - 3 chunks of flesh


   Skills:
 + Level 2.2 Fighting
 + Level 1.8 Throwing
 + Level 3.3 Dodging
 + Level 4.2 Unarmed Combat


You had 2 spell levels left.
You didn't know any spells.

Dungeon Overview and Level Annotations

Branches:
Dungeon (2/15)

Altars:
Xom


Innate Abilities, Weirdness & Mutations

Your body is rotting away.
You thrive on raw meat.
You are immune to poison.
You have sharp fingernails.
You are carnivorous and can eat meat at any time.
Your flesh is cold resistant. (rC+)
You are immune to negative energy. (rN+++)
You do not regenerate when monsters are visible.
You are immune to unholy pain and torment.
You can survive without breathing.


Message History

Press: ? - help, Shift-Dir - straight line, f - orc wizard
Aim: an orc wizard, wielding a dagger and wearing a robe (severely wounded, fast)
You throw a throwing net.
The throwing net barely misses the orc wizard.
The orc wizard misses you. The orc wizard barely misses you. The orc hits you.
* * * LOW HITPOINT WARNING * * *
Throwing (i - inventory. (,) - cycle):
c - 2 throwing nets (quivered)
Press: ? - help, Shift-Dir - straight line, f/p - orc wizard
Aim: an orc wizard, wielding a dagger and wearing a robe (severely wounded, fast)
You throw a throwing net.
The throwing net barely misses the orc wizard.
The orc wizard closely misses you. The orc barely misses you.
The orc wizard mumbles some strange words.
The orc wizard blinks!
The teleport trap disappears.
The orc wizard disappears!
The orc hits you.
* * * LOW HITPOINT WARNING * * *
You barely miss the orc.
The orc is lightly wounded.
The orc hits you.
You die...

#....# <.# ### # #
.# ########## <
.........# .#
########.# ###.#
..## #.## #.).#
...## #..# ##@#
....# ##.### #o§#
....# #...###.##
....#####........#
....##....##.#.#.#
[......####......#
...########..^...#
.......)((..._^..#
....#######.^....#


You could see an orc.

Vanquished Creatures
  An orc wizard (D:2)
  A bat (D:2)
  4 goblins
  A hobgoblin (D:1)
  4 jackals (D:1)
  A ball python (D:2)
  A frilled lizard (D:2)
  3 kobolds
  2 rats
18 creatures vanquished.

Notes
Turn   | Place    | Note
-------+----------+-------------------------------------------
     0 | D:1      | shitimlost the Ghoul Gladiator began the quest for the Orb.
     0 | D:1      | Reached XP level 1. HP: 17/17 MP: 0/0
   186 | D:1      | Reached XP level 2. HP: 21/24 MP: 1/1
   607 | D:2      | Found a shimmering altar of Xom.
   619 | D:2      | Reached skill level 4 in Unarmed Combat
   627 | D:2      | Became a worshipper of Xom of Chaos
   653 | D:2      | XOM: silly message
   655 | D:2      | Reached XP level 3. HP: 19/29 MP: 2/2
   666 | D:2      | HP: 1/29 [orc (2)]
   667 | D:2      | Slain by an orc

Skill      XL: |  1  2 |
---------------+-------+-----
Dodging        | 3 |  3.3
Unarmed Combat | 4 |  4.2
Fighting       | |  2.2
Throwing       | |  1.8

Action                   || total
-------------------------++-------
Melee: Unarmed           ||    55
Throw: Throwing net      ||     2
Armor: Leather armour    ||     9
Dodge: Dodged            ||    34
